 Dungeon Crawl Stone Soup version 0.32-a0-660-g97ce250973 (webtiles) character file.

Game seed: 6038407001974026957

1484 NoWhale the Trooper (level 8, 0/66 (67) HPs)
             Began as a Demonspawn Necromancer on Mar 7, 2024.
             Incinerated by a bombardier beetle (5 damage)
             ... with a burning spray
             ... on level 7 of the Dungeon on Mar 9, 2024.
             The game lasted 00:59:33 (5075 turns).

NoWhale the Trooper (Demonspawn Necromancer)        Turns: 5075, Time: 00:59:34

HP:   0/66 (67)     AC: 20    Str: 10    XL:     8   Next: 50%
MP:   14/14         EV:  9    Int: 15    God:
Gold: 28            SH: 10    Dex: 15    Spells: 7/15 levels left

rFire   . . .        j - +2 short sword (protect)
rCold   . . .        L - +1 kite shield {rPois}
rNeg    . . .        t - +0 leather armour
rPois   +            (helmet restricted)
rElec   .            B - scarf {repulsion}
rCorr   .            (no gloves)
SInv    .            h - +2 pair of boots {rampage}
Will    .....        (no amulet)
Stlth   +            G - +4 ring of protection
HPRegen 0.31/turn    (no ring)
MPRegen 0.14/turn

%: repel missiles, rampage
@: on fire, under a protective aura, animating dead, very slightly contaminated,
glowing, lightly drained
A: horns 1, molten scales 2, spiny 1
a: no special abilities


You were on level 7 of the Dungeon.
You visited 1 branch of the dungeon, and saw 7 of its levels.

You collected 252 gold pieces.
You spent 224 gold pieces at shops.

Inventory:

Hand Weapons
 j - a +2 short sword of protection (weapon)
 M - a +3 halberd of freezing
Missiles
 o - 39 stones
 y - 2 poisoned darts
Armour
 f - a +0 robe
 h - a +2 pair of boots of rampaging (worn)
 t - a +0 leather armour (worn)
 u - a scarf of shadows
 B - a scarf of repulsion (worn)
 E - a +0 pair of boots
 I - a scarf of invisibility
 L - a +1 kite shield of poison resistance (worn)
Magical Staves
 A - a staff of fire
Jewellery
 e - a ring of ice
 G - a +4 ring of protection (left hand)
Wands
 k - a wand of paralysis (7)
Scrolls
 m - a scroll of amnesia {unknown}
 n - 6 scrolls of identify
 p - 2 scrolls of enchant armour {unknown}
 q - 2 scrolls of acquirement {unknown}
 s - 4 scrolls of revelation {unknown}
 x - a scroll of poison {unknown}
 z - 2 scrolls of enchant weapon {unknown}
 C - a scroll of vulnerability {unknown}
 D - 4 scrolls of fear {unknown}
 F - 2 scrolls of teleportation {unknown}
 H - 2 scrolls of brand weapon {unknown}
 J - a scroll of silence {unknown}
 N - a scroll of immolation {unknown}
Potions
 a - a potion of invisibility {unknown}
 c - a potion of brilliance {unknown}
 d - 4 potions of curing {unknown}
 g - 2 potions of heal wounds {unknown}
 i - a potion of resistance {unknown}
 l - 3 potions of enlightenment {unknown}
 r - 3 potions of haste {unknown}
 v - a potion of degeneration {unknown}
 w - 4 potions of attraction {unknown}
 K - 2 potions of lignification {unknown}


   Skills:
 + Level 7.5 Fighting
 - Level 2.0 Dodging
 - Level 2.0 Stealth
 + Level 2.9 Shields
 - Level 4.0 Spellcasting
 - Level 7.0 Necromancy


You had 7 spell levels left.
You knew the following spells:

 Your Spells              Type           Power      Damage    Failure   Level
a - Necrotise             Necr           96%        1d8       6%          1
b - Vampiric Draining     Necr           24%        2d7       19%         3
c - Animate Dead          Necr           24%        N/A       54%         4

Your spell library contained the following spells:

 Spells                   Type           Power      Damage    Failure   Level
 Summon Small Mammal      Summ           12%        N/A       75%         1
 Curse of Agony           Necr           24%        N/A       87%         5
 Call Canine Familiar     Summ           3%         N/A       98%         3
 Dazzling Flash           Conj/Hex       6%         N/A       98%         3
 Inner Flame              Hex/Fire       3%         N/A       98%         3
 Volatile Blastmotes      Fire/Tloc      6%         2d10      98%         3
 Summon Blazeheart Golem  Fire/Summ      3%         N/A       100%        4
 Irradiate                Conj/Alch      1%         3d12      100%        5
 Starburst                Conj/Fire      1%         6d3       100%        6
 Ignition                 Fire           1%         3d3       100%        8
 Maxwell's Capacitive Co  Air            1%         ∞         100%        8


Dungeon Overview and Level Annotations

Branches:
Dungeon (7/15)
 Temple: D:4-7

Altars:
Nemelex Xobeh
Yredelemnul

Shops:
D:1 *   D:6 *

Annotations:
D:5 2 transporters, anet's ghost, novice MDRe


Innate Abilities, Weirdness & Mutations

You have a pair of small horns on your head.
You are mostly covered in molten scales. (AC +3)
You are partially covered in sharp spines.


Message History

You hit the orc.
Your weapon exudes an aura of protection.
You kill the orc!
The dead are walking!
The liquid fire burns you!
Something barely misses your orc wizard zombie.
Your orc zombie hits the bombardier beetle but does no damage.
Your orc wizard zombie hits the bombardier beetle but does no damage.
Something hits your orc wizard zombie.
You hit the bombardier beetle but do no damage.
You headbutt the bombardier beetle, but do no damage.
The liquid fire burns you!
* * * LOW HITPOINT WARNING * * *
Your orc zombie barely misses the bombardier beetle.
Something hits your orc wizard zombie.
Your orc wizard zombie hits the bombardier beetle but does no damage.
You hit the bombardier beetle.
You headbutt the bombardier beetle, but do no damage.
The bombardier beetle is lightly wounded.
The liquid fire burns you!
* * * LOW HITPOINT WARNING * * *
Your orc zombie hits the bombardier beetle but does no damage.
Something hits your orc wizard zombie!
Your orc wizard zombie is destroyed!
The bombardier beetle is struck by your spines.
The bombardier beetle barely misses you.
Your orc zombie hits the bombardier beetle but does no damage.
Casting: Vampiric Draining (dangerous; 19% risk of failure)
Confirm with . or Enter, or press ? or * to list all spells.
You don't have enough magic to cast this spell.
You hit the bombardier beetle.
The bombardier beetle is heavily wounded.
The liquid fire burns you!
* * * LOW HITPOINT WARNING * * *
Your orc zombie barely misses the bombardier beetle.
The bombardier beetle sprays incendiary fluid at you.
You block the burning spray. Magic courses through your body.
The liquid fire burns you!
You die...

########
#......#
#......#
#......#
#....=.#
#.ZZo..#
#B# #@#
#.# ##.#
#..#
#.##
##.#
##..#
#..##
#.##


You could see a bombardier beetle (ally target), an orc (distracted) and 2
friendly orc zombies.

Vanquished Creatures
  A water moccasin (D:5)
  3 orc warriors
  An ogre (D:7)
  A centaur (D:6)
  A phantom (D:5)
  A bullfrog (D:4)
  A scorpion (D:6)
  4 wights (D:7)
  A howler monkey (D:6)
  A bombardier beetle (D:5)
  4 hounds
  2 orc priests (D:6)
  An iguana (D:4)
  2 orc wizards (D:7)
  8 adders
  2 white imps (D:5)
  A dart slug (D:1)
  3 ribbon worms (D:2)
  15 orcs
  5 endoplasms
  3 giant cockroaches (D:1)
  3 goblins
  A hobgoblin (D:2)
  2 jackals (D:2)
  2 quokkas
  3 ball pythons
  4 bats (D:1)
  A frilled lizard (D:3)
  10 kobolds
  A rat (D:2)
88 creatures vanquished.

Vanquished Creatures (collateral kills)
  An orc wizard (D:6)
  An adder (D:6)
  A ribbon worm (D:4)
  An orc (D:6)
  A goblin (D:2)
  A jackal (D:2)
  2 frilled lizards
  A rat (D:1)
9 creatures vanquished.

Vanquished Creatures (others)
  7 orc zombies
  A quokka zombie (D:4)
8 creatures vanquished.

Grand Total: 105 creatures vanquished

Notes
Turn   | Place    | Note
-------+----------+-------------------------------------------
     0 | D:1      | NoWhale the Demonspawn Necromancer began the quest for the
                  | Orb.
     0 | D:1      | Reached XP level 1. HP: 13/13 MP: 3/3
   392 | D:1      | Found Norirom's Assorted Antiques.
   496 | D:1      | Gained mutation: You have a pair of small horns on your
                  | head. [demonic ancestry]
   496 | D:1      | Reached XP level 2. HP: 16/19 MP: 5/5
   687 | D:1      | Reached skill level 5 in Necromancy
  1031 | D:2      | Reached XP level 3. HP: 24/24 MP: 4/6
  1037 | D:2      | Learned a level 3 spell: Vampiric Draining
  1335 | D:2      | Found a sparkling altar of Nemelex Xobeh.
  1386 | D:2      | Reached XP level 4. HP: 20/30 MP: 5/7
  2160 | D:4      | Gained mutation: You are partially covered in molten
                  | scales. (AC +2) [demonic ancestry]
  2160 | D:4      | Reached XP level 5. HP: 35/35 MP: 5/8
  2370 | D:3      | Learned a level 4 spell: Animate Dead
  2825 | D:4      | Reached XP level 6. HP: 36/41 MP: 5/11
  2882 | D:5      | Entered Level 5 of the Dungeon
  2936 | D:5      | Found a basalt altar of Yredelemnul.
  2944 | D:5      | Upgraded the game from 0.32-a0-636-g4925a30cd0 to
                  | 0.32-a0-646-g91cf321817
  3103 | D:5      | Reached skill level 1 in Fighting
  3131 | D:5      | Found a transporter.
  3152 | D:5      | Noticed anet's ghost (novice MDRe)
  3167 | D:5      | Found a transporter.
  3347 | D:5      | Noticed a water moccasin
  3436 | D:5      | Killed a water moccasin
  3437 | D:5      | Gained mutation: You are partially covered in sharp spines.
                  | [demonic ancestry]
  3437 | D:5      | Reached XP level 7. HP: 44/52 MP: 11/13
  3692 | D:6      | Reached skill level 5 in Fighting
  3746 | D:6      | Found Zemnekhlo's General Store.
  3754 | D:6      | Bought a scroll of identify for 22 gold pieces
  3775 | D:6      | Upgraded the game from 0.32-a0-646-g91cf321817 to
                  | 0.32-a0-660-g97ce250973
  3981 | D:6      | Gained mutation: You are mostly covered in molten scales.
                  | (AC +3) [demonic ancestry]
  3981 | D:6      | Reached XP level 8. HP: 30/65 MP: 2/14
  4566 | D:1      | Bought a glowing kite shield for 202 gold pieces
  4755 | D:7      | Reached skill level 1 in Shields
  5075 | D:7      | Incinerated by a bombardier beetle

Illustrated notes

Levels and vault maps discovered:
D:1:      lightli_arrival_statue_moat, layout_basic, serial_shops,
          nicolae_shop_waterfront, kennysheep_boxes
D:2:      layout_loops_cross, basic_altar
D:3:      layout_basic, chequers_arboretum
D:4:      layout_rooms, serial_bayou_pond_c
D:5:      layout_gridville, mainiacjoe_overflow_surrounded_room,
          lemuel_coloured_pillars_altar, gammafunk_ghost_stat_death
D:6:      layout_loops_ring, serial_shops, nicolae_shop_trees,
          chequers_serial_rivers_large_a
D:7:      layout_rooms, cheibrodos_ashenzari_chains, temple_hall

Skill      XL: |  1  2  3  4  5  6  7  8 |
---------------+-------------------------+-----
Necromancy     | 5 6 7 |  7.0
Dodging        | 2 |  2.0
Stealth        | 2 |  2.0
Spellcasting   | 3 4 |  4.0
Fighting       | 3 6 7 |  7.5
Shields        | 2 |  2.9

Action                     |  1- 3 |  4- 6 |  7- 9 || total
---------------------------+-------+-------+-------++-------
  Melee: Mace              |     8 |       |       ||     8
         Short sword       |    56 |   126 |    99 ||   281
         Dagger            |    13 |       |       ||    13
         Headbutt          |    10 |    18 |    27 ||    55
   Cast: Necrotise         |    26 |    11 |    16 ||    53
         Vampiric Draining |       |     3 |     8 ||    11
         Animate Dead      |       |     9 |     5 ||    14
    Use: Potion            |       |       |     1 ||     1
   Stab: Sleeping          |     4 |     2 |     1 ||     7
         Distracted        |     1 |     1 |       ||     2
 Armour: Robe              |    40 |       |       ||    40
         Leather armour    |       |    95 |    79 ||   174
  Dodge: Dodged            |    45 |    83 |    56 ||   184
         Repelled          |       |     3 |     1 ||     4
  Block: Kite shield       |       |       |    16 ||    16

Table legend: (Time is in decaauts)
 A = Elapsed time spent in this place.
 B = Non-inter-level travel time spent in this place.
 C = Inter-level travel time spent in this place.
 D = Time resting spent in this place.
 E = Time spent auto-exploring this place.
 F = Levels seen in this place.
 G = Mean time per level.
                   A        B        C        D        E       F      G
               +--------+--------+--------+--------+--------+-----+--------+
         Total |   5102 |   1365 |   3737 |    313 |      0 |   7 |  728.9 |
       Dungeon |   5102 |   1365 |   3737 |    313 |      0 |   7 |  728.9 |
               +--------+--------+--------+--------+--------+-----+--------+

Top non-repeatable levels by time:
     D:1: 1089 daAuts
     D:6: 875 daAuts
     D:3: 822 daAuts
     D:2: 775 daAuts
     D:5: 707 daAuts
     D:4: 463 daAuts
     D:7: 367 daAuts
